 Dungeon Crawl Stone Soup version 0.26-a0-639-g72c4674329 (webtiles) character file.

Game seed: 11644518134646653699

49023 DogServant the Thaumaturge (level 14, -7/198 HPs)
             Began as a Gargoyle Conjurer on Sept 16, 2020.
             Was a High Priest of Vehumet.
             Killed from afar by a starcursed mass (10 damage)
             ... with an accursed screaming
             ... on level 2 of the Abyss.
             The game lasted 01:32:36 (25852 turns).

DogServant the Thaumaturge (Gargoyle Conjurer)     Turns: 25852, Time: 01:32:37

Health: -7/198     AC: 27    Str: 12    XL:     14   Next: 48%
Magic:  5/29       EV:  2    Int: 23    God:    Vehumet [*****.]
Gold:   4714       SH:  0    Dex:  8    Spells: 5/35 levels left

rFire    . . .     SeeInvis +   H - staff of conjuration
rCold    . . .     Faith    .   (no shield)
rNeg     + + +     Spirit   .   (armour currently unavailable)
rPois    ∞         Reflect  .   (helmet currently unavailable)
rElec    .         Harm     .   (cloak currently unavailable)
rCorr    .         Rampage  .   (gloves currently unavailable)
MR       +....     NoTele   +   (boots currently unavailable)
Stlth    ..........             b - amulet of magic regeneration
HPRegen  0.43/turn              M - ring of see invisible
MPRegen  0.46/turn              z - ring of wizardry

@: berserking, tree-form, very slightly contaminated, very quick
A: negative energy resistance 1, petrification resistance, rot immunity, AC +10
a: Renounce Religion


You were on level 2 of the Abyss.
You worshipped Vehumet.
Vehumet was extremely pleased with you.
You were a tree.
You visited 3 branches of the dungeon, and saw 21 of its levels.
You visited the Abyss 1 time.
You visited 1 bazaar.
You also visited: Sewer and Gauntlet.

You collected 5621 gold pieces.
You spent 907 gold pieces at shops.

Inventory:

Armour
 k - a +2 pair of boots (melded)
 l - +0 acid dragon scales
 n - the cursed +0 helmet of the Armoured One (melded) {MP+9}
   (You bought it in a shop in a bazaar)

   It affects your magic capacity (+9).
   It has a curse placed upon it.
 C - a +2 robe of resistance (melded)
 J - a +2 pair of gloves of dexterity (melded)
 K - a +1 helmet
Magical Staves
 H - an uncursed staff of conjuration (weapon)
Jewellery
 a - an uncursed amulet of reflection
 b - an amulet of magic regeneration (around neck)
 z - a ring of wizardry (right branch)
 E - an uncursed ring of protection from cold
 M - a ring of see invisible (left branch)
 T - the amulet of the Four Winds {rN+ MR+++ Clar}
   (You bought it in a shop on level 11 of the Dungeon)

   [amulet of nothing]

   It protects you from negative energy.
   It affects your resistance to hostile enchantments.
   It protects you against confusion.
 U - an uncursed ring of ice {unknown}
Wands
 d - a wand of acid (22)
 g - a wand of enslavement (16)
 q - a wand of random effects (41)
 v - a wand of polymorph (5)
 A - a wand of iceblast (33)
 L - a wand of disintegration (17)
 N - a wand of flame (14)
 P - a wand of paralysis (9)
Scrolls
 c - 4 scrolls of silence
 f - 14 scrolls of teleportation
 h - 5 scrolls of magic mapping
 i - 4 scrolls of identify
 m - 6 scrolls of remove curse
 s - 4 scrolls of summoning
 t - 6 scrolls of amnesia
 x - 2 scrolls of torment
 y - 2 scrolls of immolation
 D - 2 scrolls of enchant armour
 F - a scroll of enchant weapon
 G - 3 scrolls of fear
 I - a scroll of brand weapon {unknown}
 O - 2 scrolls of blinking
 S - a scroll of fog
 W - a scroll of random uselessness {unknown}
Potions
 e - 3 potions of lignification
 j - 4 potions of flight
 o - 3 potions of might
 p - 6 potions of resistance
 r - 7 potions of heal wounds
 u - 4 potions of brilliance
 w - 3 potions of curing
 B - a potion of cancellation
 Q - a potion of haste
 R - 2 potions of degeneration


   Skills:
 + Level 10.5 Fighting
 + Level 6.1 Armour
 - Level 1.6 Dodging
 - Level 2.3 Stealth
 + Level 11.4 Spellcasting
 + Level 10.7 Conjurations
 - Level 5.4 Hexes
 + Level 4.6 Summonings
   Level 1.7 Translocations
 - Level 7.5 Fire Magic
 + Level 8.5 Ice Magic
 - Level 4.2 Air Magic
 - Level 5.0 Earth Magic
 - Level 5.1 Evocations


You had 5 spell levels left.
You knew the following spells:

 Your Spells              Type           Power        Failure   Level
a - Magic Dart            Conj           ####         1%          1
b - Searing Ray           Conj           ######       1%          2
c - Fulminant Prism       Conj/Hex       ######....   1%          4
d - Starburst             Conj/Fire      ######....   2%          6
e - Frozen Ramparts       Ice            ######       1%          3
f - Summon Mana Viper     Hex/Summ       #####...     7%          5
g - Airstrike             Air            ####......   1%          4
h - Bolt of Magma         Conj/Fire/Erth ######....   1%          5

Your spell library contained the following spells:

 Spells                   Type           Power        Failure   Level
 Irradiate                Conj/Tmut      ######....   1%          5
 Animate Skeleton         Necr           ##....       1%          1
 Apportation              Tloc           ###...       1%          1
 Corona                   Hex            #####..      1%          1
 Foxfire                  Conj/Fire      ####         1%          1
 Freeze                   Ice            ####         1%          1
 Pain                     Necr           ##..         1%          1
 Summon Small Mammal      Summ           ####         1%          1
 Conjure Flame            Conj/Fire      ######..     1%          3
 Dazzling Flash           Conj/Hex       ######       1%          3
 Inner Flame              Hex/Fire       #####...     1%          3
 Ozocubu's Armour         Ice            ######..     1%          3
 Hailstorm                Conj/Ice       ######..     1%          4
 Iskenderun's Mystic Bla  Conj/Tloc      ######..     1%          4
 Sticky Flame             Conj/Fire      ######..     1%          4
 Summon Ice Beast         Ice/Summ       #####...     1%          4
 Fireball                 Conj/Fire      ######....   1%          5
 Cause Fear               Hex            #####.....   2%          4
 Yara's Violent Unravell  Hex/Tmut       ####......   5%          5
 Vampiric Draining        Necr           ##........   6%          3
 Silence                  Hex/Air        #####.....   8%          5
 Summon Demon             Summ           ####......   9%          5
 Summon Forest            Summ/Tloc      ####......   16%         5
 Animate Dead             Necr           ##........   19%         4
 Agony                    Necr           ##......     45%         5
 Shadow Creatures         Summ           N/A          41%         6
 Summon Hydra             Summ           ####......   91%         7
 Discord                  Hex            #####.....   100%        8


Dungeon Overview and Level Annotations

Branches:
Dungeon (14/15)            Temple (1/1) D:5            Lair (6/6) D:9
  Swamp (0/4) Lair:4        Snake (0/4) Lair:2        Slime (0/5) Lair:5
    Orc (0/2) D:11          Sewer (visited)         Gauntlet (visited)
 Vaults: D:13-14

Altars:
Ashenzari
Cheibriados
Dithmenos
Elyvilon
Fedhas
Gozag
Hepliaklqana
Kikubaaqudgha
Makhleb
Nemelex Xobeh
Okawaru
Qazlal
Ru
Sif Muna
Trog
Uskayaw
Vehumet
Wu Jian
Xom
Yredelemnul
Zin
The Shining One
Jiyva

Shops:
D:5 =   D:11 =   D:12 *   D:13 *

Annotations:
D:4 2 transporters, DarkMoon's ghost, novice DrTm


Innate Abilities, Weirdness & Mutations

You are resistant to torment.
((Your stone body is resilient. (AC +10)))
You are immune to poison.
((Your large and strong wings let you fly indefinitely.))
You resist negative energy. (rN+)
((You are resistant to electric shocks. (rElec)))
((You can survive without breathing.))
You are immune to petrification.
You are immune to rotting.


Message History

You feel your power returning.
The starcursed mass completely misses you.
A starcursed mass splits.
The starcursed mass engulfs you.
* * * LOW HITPOINT WARNING * * *
The hell hog bites you.
* * * LOW HITPOINT WARNING * * *
You hit the starcursed mass.
You blast the starcursed mass.
The starcursed mass is severely damaged.
The starcursed mass shudders and is absorbed by its neighbour.
The hell hog bites you.
* * * LOW HITPOINT WARNING * * *
The starcursed mass engulfs you but does no damage. x2
You hit the starcursed mass but do no damage.
The starcursed mass is moderately damaged.
The hell hog bites you but does no damage.
The starcursed mass engulfs you but does no damage.
The starcursed mass engulfs you.
* * * LOW HITPOINT WARNING * * *
A deafening chorus of shrieks assaults your mind!
You die...

.# . ..#. ## .#.
.# ..#.#.# ..#..
...# #XX### # #
#♣XX.# ## ...
#hX##...##
....##.### ..#
#.#. ##. #.....
#.###.......#.#.#
.#. . ........#
##.
.#...#..####.#
...#. ###..... #
# ## # #####


You could see 5 starcursed masses and a hell hog.

Vanquished Creatures
  A dire elephant (Lair:6)
  A hell beast (Lair:6)
  7 hydras
  Erica (Lair:1)
  4 two-headed ogres
  An unseen horror (D:10)
  Pikel (D:7)
  A large abomination (Abyss:2)
  2 ugly things (D:13)
  3 elephants (Lair:4)
  A deep elf mage (D:13)
  2 black mambas
  6 cane toads
  2 ice statues
  2 orange demons (Lair:6)
  A gargoyle (D:13)
  4 rime drakes
  6 komodo dragons
  A starcursed mass (Abyss:2)
  2 red devils (Lair:6)
  9 ice devils
  2 trolls
  A polar bear (Lair:6)
  9 hippogriffs
  4 dream sheep (Lair:6)
  11 blink frogs
  A raiju (Abyss:2)
  A shadow (D:13)
  25 yaks
  Eustachio (D:4)
  2 vampires (D:12)
  8 redbacks (D:13)
  2 wraiths
  5 wyverns
  A basilisk (Lair:4)
  2 soldier ants
  An acid dragon (D:9)
  3 nagas (Lair:2)
  3 hell hounds (Lair:6)
  12 porcupines
  14 water moccasins
  Duvessa (D:4)
  4 ice beasts
  2 black bears
  7 orc warriors
  5 sky beasts
  10 ogres
  2 eyes of draining
  A hornet zombie (D:8)
  2 necrophages
  17 wolves
  4 phantoms
  3 lemures (D:7)
  A centaur (D:8)
  21 crocodiles
  5 big kobolds
  3 gnoll sergeants (D:11)
  13 bullfrogs
  2 scorpions
  Dowan (D:4)
  10 killer bees
  20 wights
  3 howler monkeys
  3 bullfrog zombies
  2 centaur zombies
  A quasit (D:4)
  8 hounds
  5 orc priests
  7 jellies
  4 centaur skeletons
  7 iguanas
  7 orc wizards
  8 worker ants
  A hound zombie (D:9)
  3 hound skeletons
  A howler monkey zombie (D:8)
  A worker ant zombie (D:7)
  A howler monkey skeleton (D:7)
  5 gnolls
  25 adders
  6 river rats
  2 shadow imps
  6 white imps
  7 ufetubi
  2 adder zombies
  An ooze (D:4)
  2 adder skeletons (D:5)
  5 worms
  A dart slug (D:1)
  6 leopard geckos
  43 orcs
  12 bats
  5 giant cockroaches
  13 goblins
  11 hobgoblins
  3 jackals (D:4)
  6 quokkas
  10 ball pythons
  7 frilled lizards
  33 kobolds
  A leopard gecko skeleton (D:4)
  A leopard gecko zombie (D:7)
  2 quokka skeletons
  26 rats
  12 fulminant prisms
615 creatures vanquished.

Vanquished Creatures (others)
  37 fulminant prisms
  16 fungi
  17 plants
70 creatures vanquished.

Grand Total: 685 creatures vanquished

Notes
Turn   | Place    | Note
-------+----------+-------------------------------------------
     0 | D:1      | DogServant the Gargoyle Conjurer began the quest for the
                  | Orb.
     0 | D:1      | Reached XP level 1. HP: 10/10 MP: 3/3
   101 | D:1      | Reached XP level 2. HP: 15/15 MP: 0/5
   518 | D:1      | Learned a level 2 spell: Searing Ray
   649 | D:1      | Reached skill level 5 in Conjurations
   776 | D:1      | Reached XP level 3. HP: 19/19 MP: 4/6
  1196 | D:2      | Found a hide-covered altar of Uskayaw.
  1394 | D:2      | Reached XP level 4. HP: 24/24 MP: 1/8
  1887 | D:2      | Reached skill level 3 in Spellcasting
  2500 | D:3      | Reached XP level 5. HP: 28/28 MP: 3/9
  3185 | D:3      | Noticed a phantom
  3228 | D:3      | Killed a phantom
  3228 | D:3      | Reached XP level 6. HP: 32/32 MP: 4/11
  3268 | D:3      | Reached skill level 4 in Spellcasting
  3935 | D:4      | Reached XP level 7. HP: 32/36 MP: 7/14
  4031 | D:4      | Noticed Dowan
  4035 | D:4      | Killed Dowan
  4035 | D:4      | Reached skill level 5 in Spellcasting
  4046 | D:4      | Noticed Duvessa
  4057 | D:4      | Killed Duvessa
  4157 | D:4      | Noticed Eustachio
  4175 | D:4      | Killed Eustachio
  4209 | D:4      | Found a shattered altar of Ashenzari.
  4209 | D:4      | Found a burning altar of Makhleb.
  4220 | D:4      | Reached XP level 8. HP: 41/41 MP: 9/16
  4349 | D:4      | Found a glowing golden altar of the Shining One.
  4349 | D:4      | Found a shadowy altar of Dithmenos.
  4390 | D:4      | Reached skill level 6 in Spellcasting
  4648 | D:4      | Noticed DarkMoon's ghost (novice DrTm)
  4661 | D:4      | Found a transporter.
  4667 | D:4      | Found a transporter.
  4719 | D:5      | Entered Level 5 of the Dungeon
  5020 | D:5      | Found Etuarr's Jewellery Emporium.
  5040 | D:5      | Found a staircase to the Ecumenical Temple.
  5049 | Temple   | Entered the Ecumenical Temple
  5108 | Temple   | Became a worshipper of Vehumet
  5715 | D:5      | Reached skill level 7 in Spellcasting
  5751 | D:5      | Found a stormy altar of Qazlal.
  5932 | D:6      | Found a glowing drain.
  5946 | D:6      | Reached XP level 9. HP: 45/45 MP: 16/19
  5960 | D:6      | Found a snail-covered altar of Cheibriados.
  6087 | Sewer    | Entered a sewer
  6130 | Sewer    | Reached * piety under Vehumet
  6130 | Sewer    | Offered knowledge of Sandblast by Vehumet.
  6399 | Sewer    | Reached skill level 10 in Conjurations
  6531 | Sewer    | Reached ** piety under Vehumet
  6531 | Sewer    | Offered knowledge of Shock by Vehumet.
  6878 | D:6      | Learned a level 4 spell: Fulminant Prism
  6883 | D:6      | Learned a level 4 spell: Iskenderun's Mystic Blast
  7034 | D:6      | Found a hazy altar of Hepliaklqana.
  7201 | D:7      | Found a shimmering altar of Xom.
  7368 | D:7      | Reached skill level 1 in Fighting
  7375 | D:7      | Reached skill level 1 in Hexes
  7375 | D:7      | Reached skill level 1 in Translocations
  7398 | D:7      | Learned a level 3 spell: Frozen Ramparts
  7780 | D:7      | Learned a level 5 spell: Fireball
  7785 | D:7      | Noticed Pikel
  7793 | D:7      | Found a glowing silver altar of Zin.
  7972 | D:7      | Killed Pikel
  7972 | D:7      | Reached skill level 1 in Fire Magic
  7972 | D:7      | Reached skill level 1 in Ice Magic
  8133 | D:7      | Reached skill level 8 in Spellcasting
  8409 | D:7      | Reached XP level 10. HP: 56/56 MP: 4/22
  8758 | D:8      | Offered knowledge of Ignite Poison by Vehumet.
  8965 | D:8      | Found a white marble altar of Elyvilon.
  9558 | D:8      | Found the +3 giant club "Skullcrusher" {speed, Str+7}
  9582 | D:8      | Got a crystal hand axe
  9649 | D:8      | Reached *** piety under Vehumet
 10510 | D:8      | Identified the +8 hand axe of Withuot {vorpal, rC- Str+4
                  | SInv} (You found it on level 8 of the Dungeon)
 10962 | D:9      | Found an ornate altar of the Wu Jian Council.
 11035 | D:9      | Noticed a two-headed ogre
 11048 | D:9      | Killed a two-headed ogre
 11048 | D:9      | Reached skill level 5 in Fighting
 11048 | D:9      | Reached skill level 1 in Evocations
 11066 | D:9      | Offered knowledge of Airstrike by Vehumet.
 11347 | D:9      | Noticed an ice statue
 11400 | D:9      | Reached XP level 11. HP: 34/64 MP: 1/23
 11552 | D:9      | Learned a level 4 spell: Airstrike
 11650 | D:9      | Reached skill level 9 in Spellcasting
 11815 | D:9      | Reached **** piety under Vehumet
 11815 | D:9      | Reached skill level 5 in Hexes
 12012 | D:9      | Reached skill level 5 in Fire Magic
 12143 | D:9      | Reached skill level 5 in Ice Magic
 12196 | D:9      | Offered knowledge of Bolt of Magma by Vehumet.
 12344 | D:9      | Found a staircase to the Lair.
 12566 | D:10     | Entered Level 10 of the Dungeon
 12685 | D:10     | Killed an unseen horror
 13124 | D:10     | Learned a level 5 spell: Bolt of Magma
 13953 | D:11     | Found a flickering gateway to a bazaar.
 13961 | Bazaar   | Entered a bazaar
 13961 | Bazaar   | Found Estrin Iggael's Weapon Boutique.
 13966 | Bazaar   | Found Febezaff's Magic Scroll Boutique.
 13997 | Bazaar   | Found Mexesyf's Antique Armour Shoppe.
 14004 | Bazaar   | Found Qylor's Antique Armour Emporium.
 14012 | Bazaar   | Bought a faintly glowing helmet for 161 gold pieces
 14012 | Bazaar   | Bought an embroidered robe for 62 gold pieces
 14029 | Bazaar   | Identified the cursed +0 helmet of the Armoured One {MP+9}
                  | (You bought it in a shop in a bazaar)
 14084 | Bazaar   | Bought a scroll of teleportation for 30 gold pieces
 14084 | Bazaar   | Bought a scroll of identify for 20 gold pieces
 14084 | Bazaar   | Bought a scroll of identify for 20 gold pieces
 14259 | D:11     | Reached skill level 1 in Air Magic
 14301 | D:11     | Found a staircase to the Orcish Mines.
 14518 | D:11     | Found a hazy altar of Hepliaklqana.
 14608 | D:11     | Found Nuotocso's Jewellery Shoppe.
 14989 | D:12     | Reached ***** piety under Vehumet
 15132 | D:12     | Reached XP level 12. HP: 72/72 MP: 25/25
 15212 | D:12     | Found Pastor's General Store.
 15262 | D:12     | Reached skill level 1 in Earth Magic
 15400 | D:12     | Offered knowledge of Starburst by Vehumet.
 15678 | D:12     | Noticed a two-headed ogre
 15682 | D:12     | Killed a two-headed ogre
 16322 | D:13     | Noticed a two-headed ogre
 16327 | D:13     | Killed a two-headed ogre
 16503 | D:13     | Noticed a two-headed ogre
 16507 | D:13     | Killed a two-headed ogre
 16610 | D:13     | Reached skill level 10 in Spellcasting
 16808 | D:13     | Noticed a seven-headed hydra
 16817 | D:13     | Killed a seven-headed hydra
 16919 | D:13     | Found an opulent altar of Gozag.
 16923 | D:13     | Found Plog's Assorted Antiques.
 17290 | D:14     | Noticed a tengu warrior
 17471 | Lair:1   | Entered Level 1 of the Lair of Beasts
 17489 | Lair:1   | Reached skill level 5 in Evocations
 17505 | Lair:1   | Found an iron altar of Okawaru.
 17561 | Lair:1   | Found a gate leading to a gauntlet.
 17571 | Gauntlet | Entered a Gauntlet
 17571 | Gauntlet | Found a transporter.
 17571 | Gauntlet | Found a transporter.
 17571 | Gauntlet | Noticed a green death
 17575 | Gauntlet | Found a transporter.
 17575 | Gauntlet | Found a transporter.
 17577 | Gauntlet | Found a transporter.
 17591 | Gauntlet | Found a transporter.
 17593 | Gauntlet | Found a transporter.
 17650 | Gauntlet | Found a transporter.
 17660 | Gauntlet | Found a transporter.
 17661 | Gauntlet | Noticed a death ooze
 17675 | Gauntlet | Found a transporter.
 17687 | Gauntlet | Found a transporter.
 17692 | Gauntlet | Noticed a tengu warrior
 17700 | Gauntlet | Found a transporter.
 18043 | Lair:1   | Reached XP level 13. HP: 71/79 MP: 2/27
 18323 | Lair:1   | Noticed Erica
 18329 | Lair:1   | Killed Erica
 18329 | Lair:1   | Reached skill level 5 in Earth Magic
 18777 | Lair:2   | Found a staircase to the Snake Pit.
 18885 | Lair:2   | Reached skill level 1 in Armour
 19779 | Lair:3   | Learned a level 6 spell: Starburst
 19786 | Lair:3   | Learned a level 5 spell: Summon Mana Viper
 20193 | Lair:3   | Offered knowledge of Freezing Cloud by Vehumet.
 20424 | Lair:3   | Reached skill level 1 in Summonings
 20948 | Lair:3   | Found the +8 whip "Snakebite" {curare, rPois}
 22209 | D:11     | Bought the amulet of the Four Winds {rN+ MR+++ Clar} for
                  | 614 gold pieces
 22209 | D:11     | Found the amulet of the Four Winds {rN+ MR+++ Clar}
 22708 | Lair:4   | Found a staircase to the Swamp.
 23280 | Lair:5   | Found a viscous altar of Jiyva.
 23280 | Lair:5   | Found a staircase to the Slime Pits.
 23698 | Lair:5   | Reached skill level 11 in Spellcasting
 24120 | Lair:5   | Identified 2 scrolls of acquirement
 24123 | Lair:5   | Acquired 520 gold pieces
 24124 | Lair:5   | Acquired 3760 gold pieces
 24402 | Lair:6   | Entered Level 6 of the Lair of Beasts
 24416 | Lair:6   | Reached skill level 10 in Fighting
 24416 | Lair:6   | Gained mutation: Your large and strong wings let you fly
                  | indefinitely. [Gargoyle growth]
 24416 | Lair:6   | Reached XP level 14. HP: 84/88 MP: 12/29
 24590 | Lair:6   | Reached skill level 5 in Armour
 24667 | Lair:6   | Noticed a dire elephant
 24684 | Lair:6   | Killed a dire elephant
 24873 | Lair:6   | Offered knowledge of Irradiate by Vehumet.
 25658 | Lair:6   | Found a burning altar of Makhleb.
 25721 | Lair:6   | Cast into level 2 of the Abyss (a wizard)
 25805 | Abyss:2  | Noticed an ancient lich
 25837 | Abyss:2  | Noticed a starcursed mass
 25843 | Abyss:2  | Paralysed by accursed screaming for 1 turns
 25848 | Abyss:2  | Paralysed by accursed screaming for 1 turns
 25851 | Abyss:2  | HP: 5/198 [hell hog (5)]
 25852 | Abyss:2  | Killed from afar by a starcursed mass

Illustrated notes

Levels and vault maps discovered:
D:1:      evilmike_arrival_plus, layout_basic, serial_glass, glass_columns_b,
          glass_columns_c, glass_columns_b, glass_columns_a, glass_columns_c,
          glass_columns_a, glass_columns_b, glass_columns_a, st_stairs_11
D:2:      layout_loops_ring, eat_drink_and_be_merry_uskayaw,
          minmay_misc_feat_pillars, minmay_tetromino_l4
D:3:      layout_basic
D:4:      layout_rooms, grunt_temple_overflow_open,
          gammafunk_ghost_gnarly_gnolls, uniq_eustachio, uniq_duvessa
D:5:      layout_rooms, grunt_qazlal_sundering, minmay_temple_entry_offerings,
          serial_shops, shop
D:6:      layout_rooms, lemuel_round_altar, slow_altar_2, portal_sewer_entry_a,
          hangedman_decor_riveting
D:7:      layout_basic, lemuel_crystal_altar, xom_confusion_cloud, uniq_pikel
D:8:      layout_basic, elyvilon_altar_1, minmay_the_grid_2x2
          [minmay_the_grid_x, minmay_the_grid_diamond_grid,
          minmay_the_grid_doors, minmay_the_grid_prize_trominoes]
D:9:      cheibrodos_frozen_isle, layout_rooms, nicolae_overflow_crystal_walls,
          erik_lair_dragon
D:10:     layout_basic, minivault_16
D:11:     layout_loops_ring, kennysheep_orc_monster_closet_entryway,
          basic_altar, serial_shops, bzr_entry_islet, nicolae_shop_behind_doors
D:12:     layout_stronghold, serial_shops, nicolae_shop_behind_doors
D:13:     layout_long_grid, serial_shops, shop, drop_trap, grunt_gozag_statues
D:14:     layout_loops_ring, ximxim_vaults_locker_room,
          roderic_lattice_octagonal_star, hex_medium
Temple:   jpeg_temple_alley_garden
Lair:1:   wander_river, layout_misc_corridors, basic_altar,
          gauntlet_entry_generic, minivault_26, minivault_23,
          beast_lair_carwin_1, uniq_erica
Lair:2:   layout_chaotic_city, minmay_snake_entry_guardpost_small,
          serial_bayou_shore_b, serial_bayou_shore_b
Lair:3:   minmay_guarded_unrand_snakebite, layout_cave_pods
Lair:4:   layout_cave_pods, minmay_swamp_entry_reptiles, grunt_megastairs_3,
          infiniplex_staircase_pool
Lair:5:   layout_regular_city, slime_altar_1
Lair:6:   evil_forest, layout_hall_layers
Abyss:2:  base: D:8, minivault_27, small_statue_intersection, minivault_20

Skill      XL: |  1  2  3  4  5  6  7  8  9 10 11 12 13 14 |
---------------+-------------------------------------------+-----
Conjurations   | 5 6 7 8 9 10 | 10.7
Spellcasting   | 3 4 5 7 8 9 10 11 | 11.4
Fighting       | 3 5 7 8 10 | 10.5
Hexes          | 3 4 5 |  5.4
Translocations | 1 |  1.7
Fire Magic     | 2 4 6 7 |  7.5
Ice Magic      | 2 4 6 7 8 |  8.5
Evocations     | 2 3 5 |  5.1
Air Magic      | 2 4 |  4.2
Earth Magic    | 4 5 |  5.0
Armour         | 4 6 |  6.1
Summonings     | 3 4 |  4.6
Dodging        | |  1.6
Stealth        | |  2.3

Action                   |  1- 3 |  4- 6 |  7- 9 | 10-12 | 13-15 || total
-------------------------+-------+-------+-------+-------+-------++-------
Melee: Short sword       |     9 |       |       |       |       ||     9
       Staff             |       |       |       |     6 |    17 ||    23
 Cast: Magic Dart        |    61 |    65 |   185 |    82 |     1 ||   394
       Searing Ray       |     2 |    30 |    74 |    87 |     6 ||   199
       Fulminant Prism   |       |       |     2 |    24 |    23 ||    49
       Frozen Ramparts   |       |       |     1 |     9 |    22 ||    32
       Fireball          |       |       |       |     9 |       ||     9
       Iskenderun's Myst |       |       |       |     3 |       ||     3
       Bolt of Magma     |       |       |       |    88 |   103 ||   191
       Airstrike         |       |       |       |    66 |   154 ||   220
       Starburst         |       |       |       |       |     3 ||     3
       Summon Mana Viper |       |       |       |       |     3 ||     3
  Use: Scroll            |       |     4 |     1 |    18 |    13 ||    36
       Potion            |       |       |       |       |     6 ||     6
Armor: Robe              |    11 |     5 |    19 |    58 |    26 ||   119
       Skin              |       |       |       |       |    22 ||    22
Dodge: Dodged            |    22 |    14 |    30 |    82 |    26 ||   174

Table legend: (Time is in decaauts)
 A = Elapsed time spent in this place.
 B = Non-inter-level travel time spent in this place.
 C = Inter-level travel time spent in this place.
 D = Time resting spent in this place.
 E = Time spent auto-exploring this place.
 F = Levels seen in this place.
 G = Mean time per level.
                   A        B        C        D        E       F      G
               +--------+--------+--------+--------+--------+-----+--------+
         Total |  25911 |  24615 |   1296 |   7129 |  13990 |  25 | 1036.4 |
       Dungeon |  16864 |  15916 |    948 |   4888 |   8767 |  14 | 1204.6 |
        Temple |    224 |    170 |     54 |      0 |    166 |   1 |  224.0 |
          Lair |   7553 |   7259 |    294 |   2032 |   4432 |   6 | 1258.8 |
         Abyss |    130 |    130 |      0 |     61 |      1 |   1 |  130.0 |
        Bazaar |    146 |    146 |      0 |      0 |     60 |   1 |  146.0 |
         Sewer |    670 |    670 |      0 |    148 |    393 |   1 |  670.0 |
      Gauntlet |    322 |    322 |      0 |      0 |    169 |   1 |  322.0 |
               +--------+--------+--------+--------+--------+-----+--------+

Top non-repeatable levels by time:
     D:8: 2077 daAuts
     D:9: 1944 daAuts
     D:7: 1626 daAuts
  Lair:3: 1510 daAuts
     D:3: 1445 daAuts
    D:10: 1415 daAuts
  Lair:4: 1377 daAuts
    D:13: 1337 daAuts
  Lair:6: 1319 daAuts
  Lair:2: 1267 daAuts
     D:2: 1223 daAuts
  Lair:5: 1195 daAuts
    D:12: 1177 daAuts
     D:1: 1158 daAuts
    D:11: 1033 daAuts
